 Dungeon Crawl Stone Soup version 0.19-a0-1895-g783e625 (webtiles) character file.

48 tboon the Covered (level 3, -3/33 HPs)
             Began as a Minotaur Fighter on Oct 18, 2016.
             Was an Initiate of Okawaru.
             Slain by Yezarul's ghost (9 damage)
             ... on level 3 of the Dungeon.
             The game lasted 00:05:00 (1748 turns).

tboon the Covered (Minotaur Fighter)                Turns: 1748, Time: 00:05:00

Health: -3/33      AC:  8    Str: 20    XL:     3   Next: 50%
Magic:  2/2        EV:  7    Int:  6    God:    Okawaru [......]
Gold:   80         SH:  9    Dex:  9    Spells: 0 memorised, 2 levels left

rFire  . . .     SeeInvis .     a - +0 war axe
rCold  . . .     Gourm    .     b - +0 scale mail
rNeg   . . .     Faith    .     c - +0 shield
rPois  .         Spirit   .     (helmet restricted)
rElec  .         Reflect  .     l - +0 cloak
rCorr  .         Harm     .     (no gloves)
MR     .....                    (no boots)
Stlth  ..........               (no amulet)
                                (no ring)
                                (no ring)

@: no status effects
A: retaliatory headbutt, horns 2
a: Renounce Religion


You were on level 3 of the Dungeon.
You worshipped Okawaru.
Okawaru was noncommittal.
You were not hungry.

You visited 1 branch of the dungeon, and saw 3 of its levels.

You collected 80 gold pieces.

Inventory:

Hand Weapons
 a - a +0 war axe (weapon)
Armour
 b - a +0 scale mail (worn)
 c - a +0 shield (worn)
 l - a +0 cloak (worn)
Wands
 k - a wand of disintegration (11/24)
Scrolls
 h - a scroll of enchant weapon {unknown}
 o - a scroll of teleportation {unknown}
Potions
 d - a potion of might
 e - a potion of beneficial mutation {unknown}
 i - a potion of lignification {unknown}
Comestibles
 f - 3 bread rations
 g - 2 royal jellies
 j - a meat ration
 m - a beef jerky


   Skills:
 + Level 3.8 Fighting
 * Level 3.4 Axes
 + Level 4.3 Armour
 + Level 4.1 Shields


You had 2 spell levels left.
You didn't know any spells.

Dungeon Overview and Level Annotations

Branches:
Dungeon (3/15)

Altars:
Okawaru
Vehumet

Annotations:
D:3 Yezarul's ghost, amateur FoFi


Innate Abilities, Weirdness & Mutations

You reflexively headbutt those who attack you in melee.
You have a pair of horns on your head.


Message History

Yezarul's ghost is severely damaged.
Yezarul's ghost hits you.
You barely miss Yezarul's ghost.
Yezarul's ghost is severely damaged.
Yezarul's ghost barely misses you. You furiously retaliate!
You headbutt Yezarul's ghost, but do no damage.
Yezarul's ghost whispers, "There is no future for you."
Yezarul's ghost hits you.
* * * LOW HITPOINT WARNING * * *
You hit Yezarul's ghost but do no damage.
Yezarul's ghost is severely damaged.
You block Yezarul's ghost's attack.
You hit Yezarul's ghost. Your headbutt misses Yezarul's ghost.
Yezarul's ghost is severely damaged.
Yezarul's ghost hits you.
* * * LOW HITPOINT WARNING * * *
You barely miss Yezarul's ghost.
Yezarul's ghost is severely damaged.
Yezarul's ghost hits you!
You die...

#....≈≈8≈≈....#.##.#
####
#......≈......#.##.#
.
#...........).#.##.#
#
#.............#.##.#
#.............#.##.#
#.............#.##.#
###.............##.#
#..######.######.#
#....W@..........#
##################


You could see Yezarul's ghost.

Vanquished Creatures
  An adder (D:2)
  A worm (D:2)
  A dart slug (D:1)
  A leopard gecko (D:2)
  2 ball pythons
  A giant cockroach (D:1)
  5 goblins
  2 hobgoblins (D:1)
  4 jackals (D:2)
  2 bats (D:1)
  6 kobolds
  5 rats
31 creatures vanquished.

Notes
Turn   | Place    | Note
-------+----------+-------------------------------------------
     0 | D:1      | tboon the Minotaur Fighter began the quest for the Orb.
     0 | D:1      | Reached XP level 1. HP: 19/19 MP: 0/0
   316 | D:1      | Reached XP level 2. HP: 27/27 MP: 1/1
  1030 | D:2      | Found a radiant altar of Vehumet.
  1084 | D:2      | Reached XP level 3. HP: 32/33 MP: 2/2
  1220 | D:2      | Found an iron altar of Okawaru.
  1228 | D:2      | Became a worshipper of Warmaster Okawaru
  1725 | D:3      | Noticed Yezarul's ghost (amateur FoFi)
  1748 | D:3      | Slain by Yezarul's ghost

Vault maps used:
D:1:      tarquinn_simple_flora_water_f, minivault_5
D:2:      lemuel_round_altar, lemuel_crystal_altar
D:3:      demons_altar, first_bread, uniq_jessica, uniq_crazy_yiuf_cottage,
          uniq_robin

Skill      XL: |  1  2 |
---------------+-------+-----
Axes           | 3 |  3.4
Armour         | 4 |  4.3
Shields        | 4 |  4.1
Fighting       | |  3.8

Action                   || total
-------------------------++-------
Melee: War axe           ||    89
       Headbutt          ||    16
  Use: Scroll            ||     2
  Eat: Chunk             ||     2
       Pizza             ||     1
Armor: Scale mail        ||    37
Dodge: Dodged            ||    24
Block: Shield            ||    39
